 Dungeon Crawl Stone Soup version 0.24.0-13-gcf9b319 (webtiles) character file.

Game seed: 11035225445895985628, levelgen mode: deterministic

29 Fang the Skirmisher (level 3, -2/34 HPs)
             Began as a Gargoyle Berserker on Dec 6, 2019.
             Was a Follower of Trog.
             Slain by an adder (3 damage)
             ... on level 2 of the Dungeon.
             The game lasted 00:00:46 (598 turns).

Fang the Skirmisher (Gargoyle Berserker)             Turns: 598, Time: 00:00:46

Health: -2/34      AC:  5    Str: 26    XL:     3   Next: 16%
Magic:  3/3        EV: 12    Int:  7    God:    Trog [*.....]
Gold:   87         SH:  0    Dex:  9    Spells: 2/2 levels left

rFire    . . .     SeeInvis .   a - +0 hand axe
rCold    . . .     Gourm    .   (no shield)
rNeg     + . .     Faith    .   b - +0 animal skin
rPois    ∞         Spirit   .   (no helmet)
rElec    +         Reflect  .   (no cloak)
rCorr    .         Harm     .   (no gloves)
MR       .....                  (no boots)
Stlth    ..........             (no amulet)
HPRegen  0.11/turn              (no ring)
MPRegen  0.08/turn              (no ring)

@: berserking (expiring), very quick
A: negative energy resistance 1, electricity resistance, unbreathing,
petrification resistance, rot immunity, AC +3
a: Berserk, Renounce Religion


You were on level 2 of the Dungeon.
You worshipped Trog.
Trog was aware of your devotion.
You were not hungry.

You visited 1 branch of the dungeon, and saw 2 of its levels.

You collected 87 gold pieces.

Inventory:

Hand Weapons
 a - a +0 hand axe (weapon)
Armour
 b - a +0 animal skin (worn)
Scrolls
 e - a scroll of blinking {unknown}
 g - a scroll of identify {unknown}
 h - 2 scrolls of teleportation {unknown}
 j - a scroll of fear {unknown}
Potions
 d - a potion of lignification {unknown}
 f - a potion of degeneration {unknown}
 k - a potion of agility {unknown}
Comestibles
 c - 5 rations
 i - 2 chunks of flesh


   Skills:
 + Level 3.6 Fighting
 + Level 3.0 Axes
 + Level 2.7 Armour
 + Level 2.0 Dodging


You had 2 spell levels left.
You didn't know any spells.
Your spell library was empty.

Dungeon Overview and Level Annotations

Branches:
Dungeon (2/15)

Altars:


Innate Abilities, Weirdness & Mutations

You are resistant to torment.
Your stone body is resilient. (AC +3)
You are immune to poison.
You resist negative energy. (rN+)
You are resistant to electric shocks. (rElec)
You can survive without breathing.
You are immune to petrification.
You are immune to rotting.


Message History

You slash the worm!
The worm is heavily wounded.
You slash the worm!
You kill the worm!
Trog accepts your kill.
Your Dodging skill increases to level 2!
You barely miss the hobgoblin. You barely miss the adder.
The adder bites you but does no damage. The hobgoblin closely misses you.
You barely miss the hobgoblin. You miss the adder. The adder barely misses you.
You slash the hobgoblin!
You feel the power of Trog in you as your rage grows.
You kill the hobgoblin!
Trog accepts your kill.
You barely miss the adder. The adder barely misses you.
You see here a worm corpse.
You barely miss the adder. The adder barely misses you.
You barely miss the adder. The adder bites you.
* * * LOW HITPOINT WARNING * * *
You closely miss the adder. The adder bites you.
You die...

#...... ..#
#......###.#
#......#.#.#
#......#.#.#
#......#<#)##
#......#.)..#
#......'(..)#
#......S###.#
####..†@..#.#
#......#.#
#........#
#......###
#......#
#.!....#
#.[....#
########


You could see an adder.

Vanquished Creatures
  2 worms (D:2)
  A dart slug (D:2)
  A leopard gecko (D:1)
  2 giant cockroaches (D:1)
  2 goblins
  2 hobgoblins (D:2)
  5 bats
  2 frilled lizards (D:1)
  2 kobolds
  2 rats (D:1)
21 creatures vanquished.

Notes
Turn   | Place    | Note
-------+----------+-------------------------------------------
     0 | D:1      | Fang the Gargoyle Berserker began the quest for the Orb.
     0 | D:1      | Reached XP level 1. HP: 14/14 MP: 1/1
   172 | D:1      | Reached XP level 2. HP: 17/19 MP: 2/2
   588 | D:2      | HP: 1/28 [worm (7)]
   589 | D:2      | Reached XP level 3. HP: 2/23 MP: 3/3
   597 | D:2      | HP: 1/34 [adder (1)]
   598 | D:2      | Slain by an adder

Levels and vault maps discovered:
D:1:      mrwooster_arrival_statue_3, layout_loops_ring, minmay_misc_feat_iff
D:2:      layout_basic, uniq_sigmund, uniq_terence, uniq_crazy_yiuf_cottage

Skill      XL: |  1  2  3 |
---------------+----------+-----
Axes           | 3 |  3.0
Dodging        | 2 |  2.0
Fighting       | |  3.6
Armour         | |  2.7

Action                   || total
-------------------------++-------
Melee: Hand axe          ||    65
Invok: Berserk           ||     1
Armor: Animal skin       ||    23
Dodge: Dodged            ||    50
